[Event "Elitserien 2022/2023"]
[Site "Elite Hotel Marina Plaza, Kungstorget 6, Helsingborg, Sweden"]
[Date "2022.10.16"]
[Round "3.4"]
[White "Von Bahr, Oskar"]
[Black "Pantzar, Milton"]
[Result "0-1"]
[TimeControl "90 minutes for 40 moves + 30 minutes for the rest of the game + 30 seconds per move from move one."]
[WhiteTitle "IM"]
[BlackTitle "IM"]
[WhiteFideId "1703250"]
[BlackFideId "1721003"]
[WhiteElo "2381"]
[BlackElo "2465"]

1. e4 c6 2. d4 d5 3. e5 Bf5 4. h4 h5 5. Bd3 Bxd3 6. Qxd3 Qa5+ 7. Nd2 e6 8. Ngf3 Nh6 9. O-O Nf5 10.
Nb3 Qa6 11. Qd1 Nd7 12. Bg5 c5 13. dxc5 Nxc5 14. Nfd4 Nxd4 15. Nxd4 Ne4 16. a4 Nxg5 17. hxg5 g6 18. Nb5 Qb6 19.
b3 a6 20. Nd4 Rc8 21. a5 Qc7 22. c4 dxc4 23. bxc4 Be7 24. Qa4+ Kf8 25. Nf3 Kg7 26. Rab1 Rhd8 27. Rb3 Qxc4 28.
Qxc4 Rxc4 29. Rxb7 Bc5 30. Rb2 Ra4 31. Rc1 Rxa5 32. Rcc2 Rd5 33. Ra2 Rxa2 34. Rxa2 a5 35. Kf1 Bb4 36.
Ra4 Kf8 37. Ke2 Ke7 38. Ke3 Rc5 39. Ra2 Kd7 40. Ke4 Rc4+ 41. Kd3 Rc3+ 42. Kd4 Rc1 43. Ke4 Kc6 44. Nd4+ Kb6 45. f4 Rc4 46.
Kd3 Rc3+ 47. Ke2 Rg3 48. Kf2 Rd3 49. Ne2 Kb5 50. Rc2 a4 51. Rc7 a3 52. Nc1 Rc3 53. Rb7+ Kc4 54. Ne2 Bc5+ 0-1

[Event "Elitserien 2022/2023"]
[Site "Elite Hotel Marina Plaza, Kungstorget 6, Helsingborg, Sweden"]
[Date "2022.10.16"]
[Round "3.14"]
[White "Jaderberg, Bjorn"]
[Black "Tuomainen, Felix"]
[Result "0-1"]
[TimeControl "90 minutes for 40 moves + 30 minutes for the rest of the game + 30 seconds per move from move one."]
[BlackTitle "FM"]
[WhiteFideId "1712403"]
[BlackFideId "1720813"]
[WhiteElo "2147"]
[BlackElo "2230"]

1. e4 c5 2. Nf3 d6 3. Bb5+ Nd7 4. c3 Ngf6 5. Qe2 a6 6. Ba4 b5 7. Bc2 Bb7 8. O-O e6 9. d4 Be7 10.
h3 O-O 11. Rd1 Qc7 12. Bg5 Rfc8 13. Bd3 Nf8 14. Nbd2 Ng6 15. Qe3 b4 16. dxc5 dxc5 17. Nc4 a5 18. Rac1 e5 19. g3 Rd8 20.
Bxf6 Bxf6 21. Qe2 Ne7 22. Ne3 Qc6 23. c4 Qe6 24. Kg2 Bc8 25. Rh1 Rb8 26. Nd5 b3 27. Ra1 bxa2 28. Rxa2 Nc6 29.
Qd2 h6 30. Ra3 Rd7 31. h4 Rdb7 32. Rb1 Bd8 33. b3 Qg6 34. Qe3 Bg4 35. Be2 Bxf3+ 36. Bxf3 Nd4 37. Bd1 f5 38. exf5 Nxf5 39.
Qc1 Nxh4+ 40. Kh2 Rf7 41. Rb2 Nf3+ 42. Bxf3 Rxf3 43. Qe1 Rf5 44. Re2 Rh5+ 45. Kg1 Bf6 46. Re3 Qf5 47. Qf1 Bg5 48.
Rxa5 Kh8 49. f4 exf4 50. Rf3 Qg4 51. Ra7 Rh3 52. Qf2 Rxg3+ 53. Rxg3 fxg3 54. Qb2 Bh4 55. Ne3 Qg6 0-1

[Event "Elitserien 2022/2023"]
[Site "Elite Hotel Marina Plaza, Kungstorget 6, Helsingborg, Sweden"]
[Date "2022.10.16"]
[Round "3.17"]
[White "Jepson, Christian"]
[Black "Amin, Bassem"]
[Result "0-1"]
[TimeControl "90 minutes for 40 moves + 30 minutes for the rest of the game + 30 seconds per move from move one."]
[WhiteTitle "IM"]
[BlackTitle "GM"]
[WhiteFideId "1701185"]
[BlackFideId "10601457"]
[WhiteElo "2401"]
[BlackElo "2663"]

1. Nf3 Nf6 2. c4 g6 3. Nc3 Bg7 4. d4 O-O 5. e4 d6 6. Be2 e5 7. Be3 Ng4 8. Bg5 f6 9. Bh4 Nc6 10.
d5 Ne7 11. Nd2 f5 12. Bxg4 fxg4 13. Bg5 h6 14. Be3 c5 15. Rb1 b6 16. b4 g5 17. bxc5 bxc5 18. Nf1 Ng6 19. Bc1 Qa5 20.
Rb3 Bd7 21. Ne3 h5 22. O-O Rf4 23. Qc2 Rf6 24. Nf5 Nf4 25. Bxf4 gxf4 26. Rb7 Qd8 27. Nxg7 Kxg7 28. Qa4 Rf7 29.
Qa6 Qf6 30. Nb5 Bxb5 31. cxb5 Raf8 32. Rxa7 f3 33. g3 h4 34. Rxf7+ Rxf7 35. Qc8 Qg6 36. b6 hxg3 37. b7 gxh2+ 38. Kh1 g3 39. b8=Q g2+ 40.
Kxh2 gxf1=N+ 41. Kh3 Qh5# 0-1

[Event "Elitserien 2022/2023"]
[Site "Elite Hotel Marina Plaza, Kungstorget 6, Helsingborg, Sweden"]
[Date "2022.10.16"]
[Round "3.27"]
[White "Vernersson, Per"]
[Black "Barkhagen, Jonas"]
[Result "0-1"]
[TimeControl "90 minutes for 40 moves + 30 minutes for the rest of the game + 30 seconds per move from move one."]
[BlackTitle "IM"]
[WhiteFideId "1700863"]
[BlackFideId "1700855"]
[WhiteElo "2264"]
[BlackElo "2424"]

1. d4 Nf6 2. c4 e6 3. g3 d5 4. Nf3 dxc4 5. Qa4+ Nbd7 6. Bg2 a6 7. Qxc4 b5 8. Qc2 Bb7 9. O-O c5 10.
a4 b4 11. Bg5 Rc8 12. dxc5 Bxc5 13. Qd3 Be7 14. Nbd2 O-O 15. Nb3 Nb6 16. Ne5 Bxg2 17. Kxg2 Qc7 18. Nf3 Qb7 19. Nbd2 h6 20.
Be3 Rfd8 21. Qb3 Nbd5 22. Rac1 Nxe3+ 23. Qxe3 Bc5 24. Rxc5 Rxc5 25. Qxc5 Rxd2 26. Qe5 Nd7 27. Qe3 Rxb2 28.
Rd1 Nf6 29. Rd8+ Kh7 30. Qd3+ Qe4 31. Qxa6 Rxe2 32. Qa8 Qxa8 33. Rxa8 Ne4 0-1